 Dungeon Crawl Stone Soup version 0.18-a0-1468-gaf180a1 (webtiles) character file.

140 4thArraOfDagon the Grave Robber (level 5, -2/46 HPs)
             Began as a Halfling Necromancer on Mar 1, 2016.
             Was an Initiate of Gozag.
             Killed from afar by an orc (8 damage)
             ... with an exploding inner flame
             ... hexed by the player character
             ... on level 4 of the Dungeon.
             The game lasted 00:10:55 (2464 turns).

4thArraOfDagon the Grave Robber (HaNe)              Turns: 2464, Time: 00:10:55

Health: -2/46      AC: 22    Str:  7 (8)  XL:     5   Next: 46%
Magic:  3/8        EV:  3    Int: 12 (15) God:    Gozag
Gold:   401        SH:  3    Dex: 13 (15) Spells: 2 memorised, 4 levels left

rFire  + . .     SeeInvis .     e - +0 short sword
rCold  + + .     Gourm    .     (armour currently unavailable)
rNeg   + + +     Faith    .     (shield restricted)
rPois  +         Spirit   .     (helmet currently unavailable)
rElec  +         Dismiss  .     (cloak currently unavailable)
rCorr  +         Reflect  +     (gloves currently unavailable)
SustAt .         Harm     .     (boots currently unavailable)
MR     .....     NoTele   +     o - +3 amulet of reflection
Stlth  ++........               (no ring)
                                h - ring of protection from cold

@: lethally poisoned (-2 -> -3), tree-form, resistant, very slightly
contaminated, regenerating (expiring), not resistant to hostile enchantments,
unstealthy
A: mutation resistance 1
a: Potion Petition, Call Merchant, Bribe Branch, Renounce Religion


You were on level 4 of the Dungeon.
You worshipped Gozag.
Gozag was noncommittal.
You were not hungry.
You were a tree.
You visited 1 branch of the dungeon, and saw 4 of its levels.

You collected 436 gold pieces.
You paid 35 gold pieces to Gozag.

Inventory:

Hand Weapons
 e - a +0 short sword (weapon)
Missiles
 f - 6 poisoned needles
 u - 3 tomahawks (quivered)
Armour
 a - a +1 robe (melded)
 d - a +0 pair of boots (melded)
Jewellery
 h - a ring of protection from cold (left branch)
 o - a +3 amulet of reflection (around neck)
Wands
 i - a wand of digging (1/24)
Scrolls
 j - 2 scrolls of teleportation
 k - 2 scrolls of remove curse
Books
 b - a book of Necromancy

   Spells                             Type                      Level
   a - Pain                           Necromancy                   1
   b - Animate Skeleton               Necromancy                   1
   c - Vampiric Draining              Necromancy                   3
   d - Regeneration                   Charms/Necromancy            3
   e - Animate Dead                   Necromancy                   4
   f - Control Undead                 Necromancy                   4
Comestibles
 c - 2 bread rations
 g - 2 meat rations


   Skills:
 + Level 0.0 Fighting
 * Level 0.0 Short Blades
 - Level 2.1 Dodging
 - Level 2.1 Stealth
 - Level 2.4 Spellcasting
 - Level 2.5 Charms
 - Level 4.2 Necromancy


You had 4 spell levels left.
You knew the following spells:

 Your Spells              Type           Power        Failure   Level  Hunger
a - Pain                  Necr           ##..         6%          1    ##.....
b - Regeneration          Chrm/Necr      #.........   21%         3    ####...


Dungeon Overview and Level Annotations

Branches:
Dungeon (4/15)
 Temple: D:4-7

Altars:
Gozag
Makhleb
Pakellas
Qazlal
Ru
Sif Muna
Yredelemnul


Innate Abilities, Weirdness & Mutations

You are small and have problems with some larger weapons.
You are somewhat resistant to further mutation.


Message History

Something hits you but does no damage. The orc hits you but does no damage.
The scorpion stings you.
* * * LOW HITPOINT WARNING * * *
Unknown command.
You hit the orc.
The orc is severely wounded.
Your skin is crawling a little less now.
Something hits you but does no damage. The orc hits you but does no damage.
You block the orc's attack.
The scorpion stings you but does no damage.
You miss something. Something completely misses you.
The orc hits you but does no damage. x2
The scorpion stings you but does no damage.
You hit the orc.
The orc explodes!
The fiery explosion engulfs something.
The fiery explosion engulfs the orc.
The orc explodes!
The fiery explosion engulfs you! You resist.
You die...
Your body crumbles into a pile of gold.

. ... ... ########### ...
......§s§.###+########...
......§§♣................
......§§§................
......§§§§...............
.....<...................
##########.......####'#..
#########....#.. $
...........#..
...........#..
##...####.(#..


You could see a scorpion (inner flame).

Vanquished Creatures
  6 adders
  2 oozes
  2 dart slugs
  4 giant geckos
  8 orcs (D:3)
  3 giant cockroaches
  4 goblins
  6 hobgoblins
  A quokka (D:2)
  2 ball pythons
  11 bats
  5 giant newts
  2 kobolds
  6 rats
62 creatures vanquished.

Vanquished Creatures (others)
  An orc (D:3)
1 creature vanquished.

Grand Total: 63 creatures vanquished

Notes
Turn   | Place    | Note
--------------------------------------------------------------
     0 | D:1      | 4thArraOfDagon the Halfling Necromancer began the quest for the Orb.
     0 | D:1      | Reached XP level 1. HP: 11/11 MP: 3/3
   202 | D:2      | Reached XP level 2. HP: 15/17 MP: 0/5
   328 | D:2      | Found an opulent altar of Gozag.
   340 | D:2      | Became a worshipper of Gozag Ym Sagoz the Greedy
   342 | D:2      | WELCOME
   342 | D:2      | GREEDY GAWD
   432 | D:2      | Reached XP level 3. HP: 21/21 MP: 6/6
   437 | D:2      | Learned a level 3 spell: Regeneration
   455 | D:2      | Found a deep blue altar of Sif Muna.
   515 | D:2      | Found a burning altar of Makhleb.
   877 | D:1      | Reached XP level 4. HP: 21/27 MP: 7/7
   897 | D:1      | Reached skill level 1 in Charms
  1723 | D:3      | Found a stormy altar of Qazlal.
  1723 | D:3      | Found a basalt altar of Yredelemnul.
  1983 | D:3      | Reached skill level 4 in Necromancy
  2028 | D:3      | Reached XP level 5. HP: 24/31 MP: 2/8
  2066 | D:3      | Found an oddly glowing altar of Pakellas.
  2270 | D:3      | Found a sacrificial altar of Ru.
  2464 | D:4      | Killed from afar by an orc

Vault maps used:
D:1:      onia_arrival_pyramid, hangedman_decor_growths
D:2:      overflow_temple_1_default, lemuel_doored_altar,
          overflow_temple_1_default
D:3:      johnstein_pakellas_dig, nicolae_ru_great_annihilating_truth,
          gammafunk_temple_overflow_elements
D:4:      first_bread, minmay_door_square, trog_wizard

Skill      XL: |  1  2  3  4 |
---------------+-------------+-----
Spellcasting   | 2 |  2.4
Charms         | 2 |  2.5
Necromancy     | 4 |  4.2
Dodging        | |  2.1
Stealth        | |  2.1

Action                   |  1- 3 |  4- 6 || total
-------------------------+-------+-------++-------
Melee: Short sword       |    65 |   146 ||   211
 Cast: Pain              |    16 |    28 ||    44
       Regeneration      |       |     3 ||     3
  Use: Scroll            |       |    11 ||    11
       Potion            |       |     4 ||     4
 Stab: Sleeping          |     4 |     3 ||     7
  Eat: Meat ration       |       |     1 ||     1
       Bread ration      |       |     1 ||     1
